 Dungeon Crawl Stone Soup version 0.27-a0-1308-gc08437e49b (webtiles) character file.

Game seed: 1835287244330812584

166 mordus the Slasher (level 5, -2/37 (41) HPs)
             Began as a Formicid Abyssal Knight on June 18, 2021.
             Was a Believer of Lugonu.
             Slain by a goblin (4 damage)
             ... led by Robin
             ... on level 2 of the Dungeon.
             The game lasted 00:04:16 (2353 turns).

mordus the Slasher (Formicid Abyssal Knight)        Turns: 2353, Time: 00:04:19

HP:   -2/37 (41)    AC:  6    Str: 18    XL:     5   Next: 76%
MP:   7/7           EV: 11    Int: 11    God:    Lugonu [**....]
Gold: 28            SH:  0    Dex: 10    Spells: 4/4 levels left

rFire    . . .     SeeInvis +   a - +1 falchion
rCold    . . .     Faith    .   (no shield)
rNeg     . . .     Spirit   .   b - +0 leather armour
rPois    .         Reflect  .   (helmet unavailable)
rElec    .         Harm     .   (no cloak)
rCorr    .         Rampage  .   (no gloves)
Will     .....                  d - +2 pair of boots
Stlth    +.........             (no amulet)
HPRegen  0.12/turn              (no ring)
MPRegen  0.10/turn              (no ring)

@: lethally poisoned (-2 -> -21), drained
A: permanent stasis, dig shafts and tunnels, antennae 3, four strong arms
a: Dig, Shaft Self, Renounce Religion, Depart the Abyss, Bend Space


You were on level 2 of the Dungeon.
You worshipped Lugonu.
Lugonu was pleased with you.
You visited 1 branch of the dungeon, and saw 3 of its levels.
You visited the Abyss 1 time.

You collected 28 gold pieces.

Inventory:

Hand Weapons
 a - a +1 falchion (weapon)
 e - a +3 dagger
Armour
 b - a +0 leather armour (worn)
 d - a +2 pair of boots (worn)
Wands
 j - a wand of polymorph (6)
 l - a wand of flame (13)
Scrolls
 f - a scroll of holy word {unknown}
 g - a scroll of identify {unknown}
Potions
 c - 3 potions of berserk rage {unknown}
 h - a potion of resistance {unknown}
 i - a potion of might {unknown}
 k - a potion of heal wounds


   Skills:
 - Level 3.2 Fighting
 * Level 4.1 Long Blades
 + Level 3.5 Armour
 - Level 0.8 Dodging
 + Level 3.7 Invocations


You had 4 spell levels left.
You didn't know any spells.
Your spell library was empty.

Dungeon Overview and Level Annotations

Branches:
Dungeon (3/15)

Altars:

Annotations:
D:2 1 runed translucent door, Crazy Yiuf
D:3 Ijyb


Innate Abilities, Weirdness & Mutations

You cannot be hasted, slowed, berserked, paralysed or teleported.
You can dig through walls and to a lower floor.
You have a pair of large antennae on your head. (SInv)
Your four strong arms can wield two-handed weapons with a shield.


Message History

The goblin hits you but does no damage. The goblin barely misses you.
You riposte.
You hit the goblin.
You kill the goblin!
Lugonu accepts your kill. The goblin barely misses you.
The goblin hits you but does no damage. The goblin completely misses you.
There is a stone staircase leading up here.
The goblin hits you but does no damage.
You are poisoned.
The goblin hits you with a +0 club. The goblin hits you but does no damage.
You feel drained.
You climb upwards.
Level annotation: 1 runed translucent door, Crazy Yiuf You feel very sick.
There is a stone staircase leading down, spattered with blood here.
You are too injured to fight recklessly!
Unknown command.
You are too injured to fight recklessly!
Unknown command.
You are too injured to fight recklessly!
You hit the goblin.
The goblin is heavily wounded.
You feel sick. The goblin hits you but does no damage.
You are more poisoned.
The goblin hits you with a +0 club.
The goblin hits you with a +2 dagger of draining.
* * * LOW HITPOINT WARNING * * *
You feel drained.
* * * LOW HITPOINT WARNING * * *
The goblin hits you with a +2 dagger of venom.
* * * LOW HITPOINT WARNING * * *
You are more poisoned.
You hit the goblin.
You kill the goblin!
Lugonu accepts your kill.
* * * LOW HITPOINT WARNING * * *
You feel very sick. The goblin hits you but does no damage.
You feel drained.
The goblin hits you with a +2 dagger of venom.
You die...

#................##
#.................#
#.................#
#.................# ###
#.................# #.##
#............)....#
##)###................##
###.......)..())).....##
#.....######..g@.......#
##.#.### #.[...g........#
#).<.# ####...........# .....#
##.(............######
.....####..##................#
.##.....#.....#.....####)###.#
.#...).........#....#..#...#.#
....................#..#...#.##
#........................###..#


You could see 2 goblins.

Vanquished Creatures
  Natasha (thrice) (D:2)
  Robin (D:2)
  3 adders
  A dart slug (D:1)
  A ball python (D:1)
  An endoplasm (D:2)
  3 giant cockroaches
  13 goblins
  8 hobgoblins
  3 jackals (D:2)
  2 quokkas
  3 bats (D:1)
  3 frilled lizards
  2 kobolds
  2 rats (D:2)
49 creatures vanquished.

Notes
Turn   | Place    | Note
-------+----------+-------------------------------------------
     0 | Abyss:1  | mordus the Formicid Abyssal Knight began the quest for the
                  | Orb.
     0 | Abyss:1  | Reached XP level 1. HP: 18/18 MP: 2/2
    14 | D:1      | Escaped the Abyss
   120 | D:1      | Found a faded altar of an unknown god.
   217 | D:1      | Reached XP level 2. HP: 24/24 MP: 3/3
   866 | D:2      | Reached XP level 3. HP: 27/29 MP: 4/4
   959 | D:2      | Reached ** piety under Lugonu
  1016 | D:2      | Noticed Natasha
  1326 | D:2      | Killed Natasha
  1327 | D:2      | Reached skill level 3 in Long Blades
  1327 | D:2      | Reached XP level 4. HP: 34/35 MP: 6/6
  1341 | D:2      | Noticed Natasha
  1411 | D:2      | Killed Natasha
  1555 | D:2      | Reached XP level 5. HP: 33/41 MP: 7/7
  1711 | D:2      | Noticed Natasha
  1722 | D:2      | Killed Natasha
  1816 | D:2      | Reached skill level 4 in Long Blades
  1881 | D:2      | Found a runed translucent door.
  1882 | D:2      | Noticed Crazy Yiuf
  2134 | D:3      | Noticed Robin
  2157 | D:2      | Killed Robin
  2338 | D:3      | Noticed Ijyb
  2353 | D:2      | Slain by a goblin

Illustrated notes

Levels and vault maps discovered:
D:1:      dpeg_arrival_stone_temple_mockup, layout_loops_cross,
          shapermc_ecumenical_altar_totnotflames, solitary_fountain,
          dk_noncrumbling_2, minmay_misc_feat_nine_boxes, minmay_tall_x
D:2:      layout_rooms, minmay_octomino_c4, uniq_crazy_yiuf_cottage,
          uniq_natasha
D:3:      layout_basic, xom_teletrap_fun, minitemple, serial_shops, shop,
          uniq_robin, uniq_ijyb

Skill      XL: |  1  2  3  4  5 |
---------------+----------------+-----
Long Blades    | 3 4 |  4.1
Armour         | 3 |  3.5
Invocations    | 3 |  3.7
Fighting       | |  3.2
Dodging        | |  0.8

Action                   |  1- 3 |  4- 6 || total
-------------------------+-------+-------++-------
Melee: Dagger            |    65 |   116 ||   181
       Falchion          |     8 |     2 ||    10
 Abil: Dig               |       |     2 ||     2
Armor: Leather armour    |    30 |    46 ||    76
       Skin              |       |     8 ||     8
Dodge: Dodged            |    42 |    77 ||   119
       Rpst.: Falchion   |     7 |     1 ||     8

Table legend: (Time is in decaauts)
 A = Elapsed time spent in this place.
 B = Non-inter-level travel time spent in this place.
 C = Inter-level travel time spent in this place.
 D = Time resting spent in this place.
 E = Time spent auto-exploring this place.
 F = Levels seen in this place.
 G = Mean time per level.
                   A        B        C        D        E       F      G
               +--------+--------+--------+--------+--------+-----+--------+
         Total |   2340 |   2212 |    128 |    356 |   1438 |   4 |  585.0 |
       Dungeon |   2326 |   2198 |    128 |    356 |   1431 |   3 |  775.3 |
         Abyss |     14 |     14 |      0 |      0 |      7 |   1 |   14.0 |
               +--------+--------+--------+--------+--------+-----+--------+

Top non-repeatable levels by time:
     D:2: 1181 daAuts
     D:1: 1138 daAuts
 Abyss:1: 14 daAuts
     D:3: 6 daAuts
